AoeStats
← _LY_抖音肥龙

Arabian Desert

509598932Analyzed
1v1 RM · 5d ago on Sep 27, 2026· 45m 49s· 2 players
Game mode
Random Map
Map size
Tiny (2 player)
Population
200
Speed
Normal
Resources
Standard
Victory
Conquest
Starting age
Dark Age
Ending age
Imperial Age
RankedLock teamsTeams togetherTeam positionsShared explorationLock speedFull tech treeHidden civsTurbo modeCheats
Victory
Defeat
🇭🇰 Khmer · Hong Kong SAR China
2829
+10
🇺🇸 Shu · United States
2701
-10
CNZS_Daniel
6:37 Loom
10:14 Feudal Age
10:17 Man-at-Arms
10:46 Double-Bit Axe
11:47 Arson
15:01 Fletching
20:58 Castle Age
19:10 Horse Collar
20:14 Gold Mining
21:12 Scale Barding Armor
24:59 Forging
26:58 Light Cavalry
30:39 Husbandry
32:24 Pikeman
34:49 Bow Saw
34:47 Squires
40:14 Scale Mail Armor
_LY_抖音肥龙
6:39 Loom
8:43 Feudal Age
9:44 Double-Bit Axe
9:58 Horse Collar
16:33 Fletching
21:49 Castle Age
21:21 Scale Barding Armor
23:22 Forging
23:54 Bloodlines
24:15 Husbandry
28:49 Wheelbarrow
28:25 Light Cavalry
29:17 Devotion
29:43 Town Watch
31:06 Sanctity
31:43 Bow Saw
34:04 Iron Casting
34:03 Bodkin Arrow
34:55 Padded Archer Armor
34:49 Gold Mining
36:03 Hand Cart
37:32 Leather Archer Armor
40:14 Ballistics
41:29 Heavy Plow
44:35 Chain Barding Armor
46:05 Iron Casting
Connection lost

Rejoining the realm…

Still unreachable

The connection could not be restored.

Session expired

The server has moved on; the page needs a fresh start.